 Dungeon Crawl Stone Soup version 0.31-a0-473-g61b50ae490 (webtiles) character file.

Game seed: 2395791145965904418

480 SmokeWeed the Slasher (level 6, -1/48 HPs)
             Began as a Demonspawn Monk on Aug 6, 2023.
             Was a Believer of Okawaru.
             Splashed by a jelly's acid (5 damage)
             ... on level 5 of the Dungeon.
             The game lasted 00:15:35 (3232 turns).

SmokeWeed the Slasher (Demonspawn Monk)             Turns: 3232, Time: 00:15:37

Health: -1/48      AC: -6    Str: 13    XL:     6   Next: 86%
Magic:  0/6        EV: 13    Int: 17    God:    Okawaru [**....]
Gold:   197        SH:  0    Dex: 16    Spells: 4/6 levels left

rFire   . . .        p - +2 long sword
rCold   . . .        d - orb {light}
rNeg    . . .        b - +0 robe
rPois   .            (no helmet)
rElec   .            (no cloak)
rCorr   .            (no gloves)
SInv    .            (no boots)
Will    .....        k - amulet of guardian spirit
Stlth   +            l - +6 ring of intelligence
HPRegen 0.28/turn    j - +4 ring of protection
MPRegen 0.20/turn

%: guardian spirit
@: corroded, glowing
A: hooves 1, powered by death 1, magic regeneration, weakness stinger 1
a: Renounce Religion, Heroism


You were on level 5 of the Dungeon.
You worshipped Okawaru.
Okawaru was pleased with you.
You visited 2 branches of the dungeon, and saw 6 of its levels.

You collected 197 gold pieces.

Inventory:

Hand Weapons
 a - a +0 falchion
 p - a +2 long sword (weapon)
Missiles
 r - 3 javelins
Armour
 b - a +0 robe (worn)
 d - an orb of light (worn)
 v - a +0 ring mail
Magical Staves
 o - a staff of air
Jewellery
 i - a ring of willpower
 j - a +4 ring of protection (right hand)
 k - an amulet of guardian spirit (around neck)
 l - a +6 ring of intelligence (left hand)
Talismans
 t - a serpent talisman
Scrolls
 c - a scroll of brand weapon {unknown}
 s - a scroll of amnesia
 w - 5 scrolls of identify
Potions
 e - 3 potions of lignification
 f - a potion of curing
 g - 2 potions of enlightenment
 h - a potion of invisibility {unknown}
 m - a potion of attraction
 n - a potion of haste {unknown}
 q - a potion of degeneration {unknown}


   Skills:
 + Level 4.1 Fighting
 + Level 5.8 Long Blades
 + Level 0.5 Throwing
 + Level 3.7 Dodging
 + Level 0.4 Stealth
 + Level 0.5 Spellcasting
 + Level 0.8 Hexes


You had 4 spell levels left.
You knew the following spells:

 Your Spells              Type           Power      Damage    Failure   Level
a - Magic Dart            Conj           0%         1d3       22%         1
b - Slow                  Hex            12%        N/A       16%         1

Your spell library contained the following spells:

 Spells                   Type           Power      Damage    Failure   Level
 Searing Ray              Conj           0%         2d4       34%         2
 Confusing Touch          Hex            3%         N/A       43%         3
 Gell's Gravitas          Tloc           0%         N/A       56%         3
 Vampiric Draining        Necr           0%         2d6       56%         3
 Fulminant Prism          Conj/Hex       0%         3d5       88%         4
 Manifold Assault         Tloc           0%         N/A       92%         4
 Olgreb's Toxic Radiance  Pois           0%         N/A       92%         4


Dungeon Overview and Level Annotations

Branches:
Dungeon (5/15)             Temple (1/1) D:4

Altars:
Ashenzari
Cheibriados
Dithmenos
Gozag
Kikubaaqudgha
Makhleb
Nemelex Xobeh
Okawaru
Qazlal
Ru
Trog
Vehumet
Wu Jian
Xom
Yredelemnul

Annotations:
D:4 3 runed translucent doors, otakuarchivist's ghost, novice DsSh


Innate Abilities, Weirdness & Mutations

You have large cloven feet.
You regenerate a little health from kills.
You regenerate magic rapidly.
You have a small tail.


Message History

The orc is severely wounded.
The orc hits you but does no damage.
You hit the orc.
You kill the orc!
Okawaru accepts your kill.
Items here: )) [ †.
As you open the door, it creaks loudly!
There is an open door here.
Found a murky yellow potion.
h - a murky yellow potion
Found a stone staircase leading down.
A jelly comes into view.
The jelly quivers.
The jelly hits you. The acid corrodes you!
You are splashed with acid!
You hit the jelly.
Your hands burn!
You kick the jelly, but do no damage.
You tail-slap the jelly, but do no damage.
The jelly is lightly wounded.
The jelly hits you.
You are splashed with acid!
You hit the jelly but do no damage.
Your hands burn!
You kick the jelly, but do no damage.
The jelly is lightly wounded.
The jelly misses you.
You hit the jelly. The acid corrodes you!
Your hands burn!
You kick the jelly, but do no damage.
The jelly is moderately wounded.
The jelly hits you. The acid corrodes you!
You are splashed with acid!
* * * LOW HITPOINT WARNING * * *
You hit the jelly.
Your hands burn!
* * * LOW HITPOINT WARNING * * *
You tail-slap the jelly, but do no damage.
The jelly is moderately wounded.
The jelly completely misses you.
You hit the jelly.
Your hands burn!
* * * LOW HITPOINT WARNING * * *
You kick the jelly, but do no damage.
The jelly is heavily wounded.
The jelly hits you.
* * * LOW HITPOINT WARNING * * *
You are splashed with acid.
You die...

#.#.#.#.#.#.#.#.#.#####
.#.#.#.#.#.#.#.#.#.....
.#.#.#.#.#<#.#.#.#####
#.#.#.#.#.#.#.#.##
#.#.#.#.#.#.#.#.#.#
.#.#.#.#.#.#.#.#.##
##.###.#####.##.#
#.##..# #.##.# #.@##
#.##.# #...J.......##.#
###.##########.# .. #.#
#.. #.# ..# ... ..##


You could see a jelly.

Vanquished Creatures
  6 orc priests
  3 orc wizards
  An iguana (D:3)
  3 gnolls (D:4)
  4 adders
  5 dart slugs
  14 orcs
  9 ball pythons
  16 endoplasms
  A giant cockroach (D:3)
  10 goblins
  12 hobgoblins
  2 jackals (D:2)
  7 kobolds
  4 quokkas
  7 bats
  A frilled lizard (D:2)
  7 rats
112 creatures vanquished.

Notes
Turn   | Place    | Note
-------+----------+-------------------------------------------
     0 | D:1      | SmokeWeed the Demonspawn Monk began the quest for the Orb.
     0 | D:1      | Reached XP level 1. HP: 18/18 MP: 1/1
   126 | D:1      | Gained mutation: You regenerate a little health from kills.
                  | [demonic ancestry]
   126 | D:1      | Reached XP level 2. HP: 23/24 MP: 2/2
   233 | D:1      | Reached skill level 3 in Long Blades
   296 | D:1      | Learned a level 1 spell: Magic Dart
   645 | D:2      | Discovered your monstrous ancestry.
   645 | D:2      | Gained mutation: You have a small tail. [demonic ancestry]
   645 | D:2      | Reached XP level 3. HP: 29/29 MP: 1/3
   705 | D:2      | Got the Tome of Unstable Putrescence
   747 | D:2      | Learned a level 1 spell: Slow
  1257 | D:3      | Gained mutation: You regenerate magic rapidly. [demonic
                  | ancestry]
  1257 | D:3      | Reached XP level 4. HP: 35/35 MP: 4/4
  1264 | D:3      | Reached skill level 4 in Long Blades
  1291 | D:3      | Reached XP level 5. HP: 42/42 MP: 5/5
  1399 | D:3      | Found a sacrificial altar of Ru.
  1473 | D:3      | Identified the +4 spear "Haicid" {holy, rC+++ Will+ Str+3
                  | Dex-2}
  1717 | D:3      | Reached skill level 5 in Long Blades
  1717 | D:3      | Gained mutation: You have large cloven feet. [demonic
                  | ancestry]
  1717 | D:3      | Reached XP level 6. HP: 26/48 MP: 6/6
  1832 | D:3      | Found an opulent altar of Gozag.
  1833 | D:3      | Found a sparkling altar of Nemelex Xobeh.
  2119 | D:4      | HP: 2/48 [poisoned by an orc priest]
  2343 | D:4      | Found a runed translucent gate.
  2343 | D:4      | Found a runed translucent gate.
  2344 | D:4      | Found a runed translucent gate.
  2349 | D:4      | Noticed otakuarchivist's ghost (novice DsSh)
  2518 | D:4      | Found a staircase to the Ecumenical Temple.
  2573 | Temple   | Entered the Ecumenical Temple
  2658 | Temple   | Became a worshipper of Warmaster Okawaru
  2658 | Temple   | Reached * piety under Okawaru
  2658 | Temple   | Reached ** piety under Okawaru
  2843 | D:4      | HP: 1/48 [gnoll sergeant/+0 spear (9)]
  3164 | D:5      | Entered Level 5 of the Dungeon
  3232 | D:5      | Splashed by a jelly's acid

Illustrated notes

Levels and vault maps discovered:
D:1:      eino_arrival_water_cross, layout_rooms, corner_web_ring,
          kennysheep_doodads
D:2:      layout_basic, minmay_pentomino_pile, uniq_jessica
D:3:      layout_rooms, grunt_temple_overflow_opulence,
          nicolae_ru_sacrificial_ziggurat
D:4:      layout_cave_pods, minmay_temple_entry_statues_pillars,
          gammafunk_ghost_split, moated_statue, nicolae_grassy_gnolls
D:5:      layout_basic, nicolae_elyvilon_temple_path, uniq_edmund,
          uniq_blork_the_orc
Temple:   eino_temple_water

Skill      XL: |  1  2  3  4  5  6 |
---------------+-------------------+-----
Long Blades    | 3 4 5 |  5.8
Dodging        | 3 |  3.7
Fighting       | 4 |  4.1
Throwing       | |  0.5
Stealth        | |  0.4
Spellcasting   | |  0.5
Hexes          | |  0.8

Action                     |  1- 3 |  4- 6 || total
---------------------------+-------+-------++-------
  Melee: Falchion          |   122 |       ||   122
         Long sword        |    13 |   134 ||   147
         Tailslap          |     9 |    19 ||    28
         Kick              |       |    19 ||    19
  Throw: Javelin           |     3 |       ||     3
         Boomerang         |     2 |     1 ||     3
   Cast: Slow              |     6 |       ||     6
    Use: Scroll            |     6 |     5 ||    11
         Potion            |       |     3 ||     3
 Armour: Robe              |    35 |    46 ||    81
  Dodge: Dodged            |   121 |   109 ||   230

Table legend: (Time is in decaauts)
 A = Elapsed time spent in this place.
 B = Non-inter-level travel time spent in this place.
 C = Inter-level travel time spent in this place.
 D = Time resting spent in this place.
 E = Time spent auto-exploring this place.
 F = Levels seen in this place.
 G = Mean time per level.
                   A        B        C        D        E       F      G
               +--------+--------+--------+--------+--------+-----+--------+
         Total |   3277 |   3241 |     36 |    323 |   1765 |   6 |  546.2 |
       Dungeon |   3172 |   3136 |     36 |    323 |   1765 |   5 |  634.4 |
        Temple |    104 |    104 |      0 |      0 |      0 |   1 |  104.0 |
               +--------+--------+--------+--------+--------+-----+--------+

Top non-repeatable levels by time:
     D:3: 1065 daAuts
     D:4: 813 daAuts
     D:2: 642 daAuts
     D:1: 582 daAuts
  Temple: 104 daAuts
     D:5: 69 daAuts
